Map: Nightshade LE

Players

FckVwls

  • Race: Zerg Zerg
  • League: Diamond
  • Spawn Location: 11:00

ViBE - Winner!

  • Race: Terran Terran
  • League: Diamond
  • Spawn Location: 5:00

VOD

Have the link to the VOD?

Description

Time

  • Played on: Dec. 23, 2019, 5:30 a.m.
  • Length: 13:57
Show
View Real Time Build Order
Export as new Build Order

FckVwls Zerg 

Build Orders: Hatch First 

Get SALT Encoding   

  12  0:02  Drone  
  13  0:13  Overlord  
  13  0:17  Drone  
  14  0:31  Drone  
  15  0:37  Drone x2  
  17  0:55  Hatchery  
  16  0:58  Drone  
  16  1:02  Drone  
  18  1:12  Extractor  
  18  1:16  Spawning Pool  
  16  1:19  Drone  
  17  1:26  Drone  
  17  1:31  Drone  
  19  1:39  Drone  
  20  1:48  Hatchery  
  20  1:52  Drone  
  20  2:01  Drone  
  21  2:08  Queen  
  23  2:13  Queen  
  25  2:17  Zergling x2  
  25  2:19  Zergling x2  
  27  2:25  Overlord  
  27  2:33  Extractor  
  26  2:40  Metabolic Boost  
  27  2:44  Overlord  
  27  2:47  Drone x4  
  31  2:55  Overlord  
  31  2:56  Drone  
  32  3:00  Drone  
  32  3:01  Drone  
  34  3:06  Queen  
  36  3:12  Queen  
  36  3:19  Queen  
  40  3:30  Drone x5  
  40  3:31  Drone  
  40  3:33  Drone  
  47  3:35  Drone  
  47  3:36  Drone  
  49  4:04  Zergling x16  
  57  4:16  Drone  
  58  4:17  Overlord x4  
  58  4:18  Overlord  
  58  4:32  Evolution Chamber x2  
  58  4:33  Baneling Nest  
  58  4:38  Drone x8  
  62  4:47  Drone x2  
  63  4:59  Drone x3  
  66  5:00  Drone  
  66  5:03  Drone  
  68  5:08  Pneumatized Carapace  
  68  5:10  Drone  
  68  5:13  Hatchery  
  68  5:18  Drone x3  
  71  5:22  Extractor, Drone  
  71  5:24  Hatchery  
  70  5:33  Drone  
  70  5:34  Drone x2  
  70  5:35  Drone x4  
  77  5:38  Extractor  
  77  5:39  Extractor  
  68  5:49  Roach Warren  
  67  5:50  Queen x2  
  67  5:51  Zergling x12, Queen  
  79  5:57  Extractor  
  79  5:58  Zergling x8, Extractor  
  79  6:00  Zergling x2  
  79  6:04  Spine Crawler  
  78  6:11  Baneling  
  78  6:12  Baneling x5  
  78  6:14  Drone x6  
  82  6:32  Zergling x22  
  79  6:44  Drone x6  
  82  6:48  Lair  
  82  6:49  Zerg Melee Weapons Level 1, Zerg Missile Weapons Level 1  
  78  6:55  Overlord  
  78  6:56  Overlord x4  
  73  7:05  Drone x9  
  73  7:07  Drone  
  83  7:12  Drone  
  83  7:13  Drone x6  
  90  7:27  Roach x8  
  106  7:35  Roach x5  
  108  7:46  Roach x5  
  108  7:47  Glial Reconstitution  
  108  7:49  Centrifical Hooks  
  108  7:50  Zergling x6  
  113  8:00  Ravager  
  113  8:01  Zergling x2, Ravager x2  
  113  8:02  Zergling x16  
  124  8:30  Infestation Pit  
  124  8:32  Overlord x4  
  123  8:42  Overlord x2  
  123  8:43  Hatchery, Overlord x2  
  123  8:46  Baneling x7  
  122  8:50  Queen x4  
  120  9:04  Drone x3  
  120  9:05  Drone x7  
  120  9:06  Drone  
  120  9:08  Zergling x12  
  134  9:17  Zergling x8  
  127  9:24  Ravager x4  
  129  9:25  Queen  
  129  9:27  Roach x2  
  129  9:29  Hive  
  135  9:38  Baneling x14  
  135  9:42  Overlord x3  
  135  9:43  Overlord x3  
  135  9:47  Overlord  
  135  9:58  Zerg Ground Armor Level 1, Zerg Missile Weapons Level 2  
  135  10:04  Roach x4  
  143  10:08  Pathogen Glands  
  143  10:09  Hatchery  
  140  10:16  Roach x6  
  140  10:19  Queen  
  153  10:24  Zergling x2  
  153  10:25  Zergling x10  
  153  10:27  Extractor  
  153  10:28  Extractor  
  157  10:33  Spine Crawler  
  155  10:39  Hydralisk Den  
  151  10:46  Zergling x2  
  151  10:47  Zergling x30  
  151  10:49  Drone  
  169  10:50  Drone x2  
  169  10:51  Drone  
  169  10:52  Drone  
  169  10:53  Drone x2  
  164  11:09  Baneling  
  164  11:10  Baneling x3  
  153  11:14  Zergling x2  
  153  11:15  Zergling x40  
  162  11:24  Zergling x10  
  167  11:29  Muscular Augments  
  167  11:31  Lurker Den  
  153  11:41  Drone x11  
  164  11:47  Queen x3  
  170  12:01  Baneling x18  
  170  12:02  Baneling x3  
  170  12:17  Adrenal Glands  
  170  12:24  Overlord  
  170  12:25  Overlord x4  
  165  12:30  Seismic Spines  
  165  12:36  Hatchery  
  154  12:40  Grooved Spines  
  132  12:49  Hydralisk x3  
  132  12:50  Hydralisk x8  
  152  12:57  Baneling x5  
  150  13:00  Hydralisk  
  150  13:02  Zergling x20  
  150  13:05  Extractor  
  150  13:10  Roach x7  
  142  13:25  Roach x7  
  153  13:28  Hatchery  
  153  13:32  Extractor  
  153  13:33  Extractor, Roach x5  
Show
View Real Time Build Order
Export as new Build Order

ViBE Terran - Winner!

Build Orders: 2 Factory, Reaper Expand 

Get SALT Encoding   

  12  0:00  SCV  
  13  0:13  SCV  
  14  0:18  Supply Depot  
  14  0:25  SCV  
  15  0:39  SCV  
  15  0:41  Barracks  
  16  0:44  Refinery  
  16  0:51  SCV  
  17  1:04  SCV  
  18  1:18  SCV  
  19  1:30  Orbital Command  
  19  1:33  Reaper  
  20  1:45  Command Center  
  20  1:57  SCV  
  21  2:03  Supply Depot  
  21  2:09  SCV  
  21  2:11  Factory  
  22  2:21  SCV  
  22  2:22  Barracks Reactor, Refinery  
  23  2:34  SCV  
  24  2:46  SCV  
  25  2:57  Orbital Command  
  25  2:58  SCV  
  26  3:02  Factory, Supply Depot  
  26  3:10  SCV, Hellion  
  26  3:11  Hellion  
  26  3:12  Barracks Tech Lab  
  31  3:22  SCV  
  31  3:23  SCV  
  33  3:34  SCV  
  33  3:35  SCV  
  33  3:37  Supply Depot  
  35  3:46  SCV  
  35  3:47  SCV  
  37  3:49  Hellion x2  
  37  3:53  Cyclone  
  44  3:56  Infernal Pre-Igniter  
  44  3:58  SCV  
  44  4:00  SCV  
  46  4:03  Supply Depot  
  46  4:10  SCV  
  46  4:12  SCV  
  48  4:22  SCV  
  48  4:24  SCV  
  50  4:27  Cyclone, Hellion x2  
  57  4:35  SCV, Command Center  
  58  4:39  SCV  
  59  4:47  SCV  
  59  4:52  Hellion x2  
  59  4:59  Cyclone  
  58  5:01  Refinery x2  
  58  5:02  SCV x2, Supply Depot  
  60  5:15  Supply Depot x2  
  60  5:19  Hellion x2  
  60  5:20  Mag-Field Accelerator  
  64  5:31  Cyclone  
  67  5:39  Factory  
  67  5:42  Factory  
  67  5:45  Hellion x2  
  67  5:49  SCV x2  
  73  5:54  Command Center  
  73  6:19  Cyclone  
  73  6:20  Hellion x2  
  80  6:26  Factory Reactor, Factory Tech Lab  
  80  6:27  SCV x2  
  80  6:29  Orbital Command  
  80  6:39  SCV  
  77  6:51  Cyclone x2  
  77  6:52  SCV, Hellion x2  
  77  6:53  SCV  
  83  7:04  SCV x2  
  83  7:05  SCV  
  86  7:12  Engineering Bay  
  86  7:15  Armory  
  86  7:16  SCV x2, Armory  
  86  7:17  Hellion x4  
  97  7:22  SCV  
  97  7:28  SCV, Refinery  
  97  7:29  SCV  
  99  7:30  Refinery  
  99  7:35  SCV  
  100  7:40  SCV  
  100  7:41  SCV  
  102  7:47  SCV  
  102  7:49  Cyclone x2, Hellion x3  
  102  7:50  Hellion  
  117  8:03  Supply Depot  
  117  8:04  Supply Depot  
  115  8:14  Hellion  
  115  8:15  Hellion x3  
  123  8:20  Supply Depot  
  123  8:21  Supply Depot  
  123  8:22  Factory, Supply Depot  
  123  8:23  Terran Vehicle And Ship Armor Level 1, Terran Vehicle Weapons Level 1  
  123  8:24  Factory  
  123  8:26  SCV x2  
  125  8:29  SCV  
  125  8:30  Planetary Fortress  
  126  8:34  Supply Depot  
  126  8:35  Supply Depot  
  126  8:38  SCV  
  127  8:42  Cyclone x2  
  127  8:43  Hellion x3  
  132  9:08  Factory Tech Lab x2  
  132  9:09  Hellion x3  
  140  9:10  Hellion  
  140  9:14  Cyclone x2  
  140  9:25  SCV x2  
  140  9:26  SCV x2  
  140  9:30  Hellion  
  140  9:31  Hellion x3  
  152  9:41  SCV x4  
  156  9:46  Cyclone  
  156  9:47  Cyclone, Smart Servos  
  156  9:48  Neosteel Armor  
  156  9:52  Factory  
  162  9:55  Factory  
  162  9:57  Factory  
  162  9:58  Command Center  
  162  10:02  Supply Depot  
  162  10:03  Supply Depot  
  162  10:05  SCV x2  
  162  10:06  SCV x2  
  166  10:10  Hellion  
  166  10:11  Hellion  
  170  10:33  Thor x2  
  170  10:34  Thor  
  178  10:46  Factory Reactor, Factory Tech Lab  
  178  10:47  Factory Tech Lab  
  178  10:48  Thor  
  184  10:51  Hellion x4  
  184  10:52  SCV x3  
  184  10:55  Refinery x2  
  193  11:18  Thor x4  
  181  11:19  Hellion  
  181  11:20  SCV, Hellion x2  
  197  11:26  Terran Vehicle Weapons Level 2, Terran Vehicle And Ship Armor Level 2  
  197  11:33  Command Center  
  192  11:55  Hellbat  
  192  11:56  Hellbat x3  
  200  12:03  Factory  
  200  12:04  Factory x2  
  190  12:13  Refinery  
  190  12:14  Thor x3, Refinery  
  168  12:49  Thor x2  
  168  12:50  Thor  
  186  12:52  Hellion x6  
  186  12:56  Factory Tech Lab x3  
  198  13:05  Thor  
  200  13:11  Planetary Fortress  
  198  13:16  Command Center  
  198  13:19  Command Center  
  196  13:20  Command Center  
Tags
 
Add a new tag
Caveats
  • Supply blocks, unpowered buildings, or Contaminate may cause inaccurate times.
  • Supply counts are checked every 10 seconds.